 Dungeon Crawl Stone Soup version 0.24-a0-445-gd5110b030a (webtiles) character file.

Game seed: 17482201683836745307

16389 Quz the Severer (level 12, -8/112 HPs)
             Began as a Minotaur Berserker on June 15, 2019.
             Was a High Priest of Trog.
             Killed from afar by a deep elf mage (15 damage)
             ... with a bolt of negative energy
             ... on level 1 of the Elven Halls on June 22, 2019.
             The game lasted 00:54:34 (11874 turns).

Quz the Severer (Minotaur Berserker)               Turns: 11874, Time: 00:54:35

Health: -8/112     AC: 21    Str: 31    XL:     12   Next: 9%
Magic:  1/3        EV: 10    Int:  4    God:    Trog [*****.]
Gold:   618        SH:  0    Dex: 17    Spells: 11/11 levels left

rFire    . . .     SeeInvis .   Z - +3 battleaxe (antimagic)
rCold    . . .     Gourm    .   (shield currently unavailable)
rNeg     . . .     Faith    .   M - +0 plate armour
rPois    +         Spirit   .   (helmet restricted)
rElec    .         Reflect  .   (no cloak)
rCorr    +         Harm     .   H - +0 pair of gloves of Repulsion {MR- rCorr Str+4 Dex+7}
MR       +....                  C - +1 pair of boots
Stlth    ..........             P - amulet of regeneration
HPRegen  1.68/turn              R - +3 ring of protection
MPRegen  0.08/turn              N - ring of poison resistance

@: regenerating, lightly drained
A: retaliatory headbutt, horns 2
a: Berserk, Trog's Hand, Brothers in Arms, Renounce Religion


You were on level 1 of the Elven Halls.
You worshipped Trog.
Trog was extremely pleased with you.
You were hungry.

You visited 3 branches of the dungeon, and saw 14 of its levels.

You collected 1388 gold pieces.
You spent 770 gold pieces at shops.

Inventory:

Hand Weapons
 a - a +0 hand axe
 d - a +2 falchion of protection
 n - a +0 quarterstaff of freezing
 O - a +0 war axe
 Y - a +0 broad axe
 Z - a +3 antimagic battleaxe (weapon)
Armour
 j - a +0 leather armour
 C - a +1 pair of boots (worn)
 H - the +0 pair of gloves of Repulsion (worn) {MR- rCorr Str+4 Dex+7}
   (You found it on level 6 of the Dungeon)

   It affects your strength (+4).
   It affects your dexterity (+7).
   It affects your resistance to hostile enchantments.
   It provides partial protection from all sources of acid and corrosion.
 M - a +0 plate armour (worn)
Jewellery
 m - an uncursed amulet of harm
 o - an uncursed ring of ice
 x - an uncursed ring of attention
 y - an uncursed amulet of the acrobat
 B - an uncursed ring of wizardry
 K - an uncursed ring of teleportation
 N - a ring of poison resistance (right hand)
 P - an amulet of regeneration (around neck)
 R - a +3 ring of protection (left hand)
 T - an uncursed ring of protection from magic
Wands
 b - a wand of flame (19)
 I - a wand of paralysis (21)
 L - a wand of clouds (3)
 Q - a wand of iceblast (4)
 S - a wand of scattershot (3)
Scrolls
 f - 3 scrolls of amnesia
 i - a scroll of enchant armour
 k - 9 scrolls of remove curse
 s - 2 scrolls of enchant weapon
 v - 3 scrolls of teleportation
 A - 2 scrolls of fog
 D - 7 scrolls of identify
Potions
 e - 3 potions of flight {unknown}
 g - a potion of heal wounds {unknown}
 h - 2 potions of brilliance {unknown}
 l - a potion of cancellation {unknown}
 p - 2 potions of haste {unknown}
 r - 5 potions of lignification {unknown}
 t - 5 potions of degeneration {unknown}
 u - a potion of invisibility {unknown}
 z - 3 potions of ambrosia {unknown}
 E - 7 potions of curing {unknown}
 U - a potion of agility {unknown}
 X - a potion of berserk rage {unknown}
Comestibles
 c - 15 rations


   Skills:
 + Level 12.3(11.6) Fighting
 + Level 15.8(15.1) Axes
 + Level 11.3(10.7) Armour
 + Level 4.6(4.0) Dodging
 + Level 1.7(1.3) Stealth


You had 11 spell levels left.
You didn't know any spells.
Your spell library was empty.

Dungeon Overview and Level Annotations

Branches:
Dungeon (11/15)            Temple (0/1) D:4            Lair (0/6) D:11
    Orc (2/2) D:11            Elf (1/3) Orc:2

Altars:
Ashenzari
Cheibriados
Elyvilon
Okawaru
Ru
Trog
Uskayaw
Xom
Jiyva

Shops:
D:8 =   D:9 (


Innate Abilities, Weirdness & Mutations

You reflexively headbutt those who attack you in melee.
You have a pair of horns on your head.


Message History

The demonic crawler hits you but does no damage.
You slash the demonic crawler!
The demonic crawler is moderately wounded.
You hit the demonic crawler but do no damage.
You slash the earth elemental! You slash the demonic crawler!
You kill the demonic crawler!
The demonic crawler's corpse disappears in a puff of smoke!
You hit the deep elf knight.
The deep elf knight's magic leaks into the air.
The deep elf knight casts a spell at you.
The stone arrow hits you!
* * * LOW HITPOINT WARNING * * *
The demonic crawler hits you.
* * * LOW HITPOINT WARNING * * *
The demonic crawler hits you but does no damage. x5
The deep elf mage points at you and mumbles some strange words.
The bolt of negative energy hits the demonic crawler.
The demonic crawler completely resists.
The bolt of negative energy hits you!
You feel drained.
You die...

.... #.#.## #.#..
###.#.# ...#.#
#..#.# # #..#.#
..###.##sE#.##..#
...).ees@)...(...
#####eeer....###.
#.#.###.## #.#e#
.# #.#Y# # ...#e#
###.... .....


You could see 2 demonic crawlers, a deep elf archer, a deep elf knight, an earth
elemental, 5 deep elf magi, an ice beast and a hell rat.

Vanquished Creatures
  Fannar (Orc:1)
  4 two-headed ogres
  A dancing weapon (Elf:1)
  An unseen horror (D:10)
  A deep elf mage (Elf:1)
  A gargoyle (D:11)
  Psyche (D:9)
  3 kobold demonologists
  A troll (D:9)
  Prince Ribbit (D:7)
  A hippogriff (D:10)
  A meliai zombie (D:11)
  An air elemental (Elf:1)
  A yak (D:11)
  A wyvern (D:10)
  3 wraiths
  A hungry ghost (D:7)
  A warg (Orc:2)
  5 porcupines (D:11)
  4 ice beasts
  8 orc warriors
  2 necrophages
  7 sky beasts
  5 centaurs
  8 ogres
  3 phantoms
  16 big kobolds (D:10)
  6 bullfrogs
  6 scorpions
  5 killer bees (D:10)
  4 wights (D:10)
  4 howler monkeys
  2 bullfrog zombies
  2 centaur zombies
  6 crimson imps
  3 quasits
  7 jellies
  2 bullfrog skeletons
  14 orc priests
  6 hounds
  A centaur skeleton (D:6)
  3 iguanas
  11 orc wizards
  8 worker ants
  A hound zombie (D:11)
  2 hound skeletons
  3 howler monkey zombies
  3 gnolls (D:6)
  12 adders
  A shadow imp (D:11)
  2 oozes
  An adder skeleton (D:6)
  A worm (D:4)
  2 dart slugs
  3 leopard geckos
  65 orcs
  8 bats
  3 giant cockroaches
  13 goblins
  3 hobgoblins
  14 jackals
  7 quokkas
  4 ball pythons
  3 frilled lizards
  20 kobolds
  A leopard gecko skeleton (D:6)
  A quokka zombie (D:6)
  12 rats
  10 fungi (D:11)
  7 plants (D:11)
375 creatures vanquished.

Vanquished Creatures (collateral kills)
  A hound (D:11)
1 creature vanquished.

Vanquished Creatures (others)
  4 fungi (D:11)
4 creatures vanquished.

Grand Total: 380 creatures vanquished

Notes
Turn   | Place    | Note
-------+----------+-------------------------------------------
     0 | D:1      | Quz the Minotaur Berserker began the quest for the Orb.
     0 | D:1      | Reached XP level 1. HP: 19/19 MP: 0/0
   293 | D:1      | Reached skill level 4 in Axes
   296 | D:1      | Reached XP level 2. HP: 27/27 MP: 1/1
   840 | D:1      | Reached ** piety under Trog
   897 | D:1      | Reached XP level 3. HP: 31/33 MP: 2/2
  1254 | D:2      | Found a bloodstained altar of Trog.
  1297 | D:2      | Reached XP level 4. HP: 34/41 MP: 3/3
  1658 | D:2      | Reached skill level 5 in Axes
  2207 | D:3      | Reached XP level 5. HP: 43/47 MP: 4/4
  2318 | D:3      | Reached *** piety under Trog
  2912 | D:4      | Found an iron altar of Okawaru.
  2918 | D:4      | Reached skill level 5 in Fighting
  2918 | D:4      | Reached skill level 6 in Axes
  2949 | D:4      | Reached XP level 6. HP: 33/56 MP: 5/5
  3336 | D:4      | Found a glowing drain.
  3365 | D:4      | Found a staircase to the Ecumenical Temple.
  3707 | D:5      | Entered Level 5 of the Dungeon
  3764 | D:5      | Reached skill level 7 in Axes
  3769 | D:5      | Reached XP level 7. HP: 51/61 MP: 6/6
  3994 | D:5      | Reached skill level 5 in Armour
  4093 | D:5      | Reached **** piety under Trog
  5088 | D:6      | Reached skill level 8 in Axes
  5189 | D:6      | Reached XP level 8. HP: 56/71 MP: 7/7
  5314 | D:6      | Reached skill level 9 in Axes
  5760 | D:6      | Got a pair of ichor-stained gloves
  5766 | D:6      | Identified the cursed +0 pair of gloves of Repulsion {MR-
                  | rCorr Str+4 Dex+7} (You found it on level 6 of the Dungeon)
  6010 | D:6      | Found a white marble altar of Elyvilon.
  6185 | D:7      | Reached XP level 9. HP: 74/79 MP: 8/8
  6279 | D:7      | Reached skill level 10 in Axes
  6508 | D:7      | Found a white marble altar of Elyvilon.
  6569 | D:7      | Found a hide-covered altar of Uskayaw.
  6569 | D:7      | Noticed Prince Ribbit
  6570 | D:7      | Found a shimmering altar of Xom.
  6591 | D:7      | Found a shattered altar of Ashenzari.
  6593 | D:7      | Killed Prince Ribbit
  6593 | D:7      | Reached skill level 1 in Stealth
  6600 | D:7      | Found a sacrificial altar of Ru.
  7176 | D:8      | Reached skill level 11 in Axes
  7212 | D:8      | Found Nare's Jewellery Emporium.
  7247 | D:8      | Reached ***** piety under Trog
  7282 | D:8      | Bought an uncursed amulet of regeneration for 420 gold
                  | pieces
  7761 | D:8      | Found a snail-covered altar of Cheibriados.
  7871 | D:9      | Found a viscous altar of Jiyva.
  8016 | D:9      | Found a hide-covered altar of Uskayaw.
  8363 | D:9      | Found Unatiunt's Antique Weapon Shoppe.
  8566 | D:9      | Noticed Psyche
  8569 | D:9      | Noticed a two-headed ogre
  8597 | D:9      | Killed a two-headed ogre
  8597 | D:9      | Reached skill level 12 in Axes
  8597 | D:9      | Reached XP level 10. HP: 16/91 MP: 9/9
  8776 | D:9      | Paralysed by Psyche for 7 turns
  8784 | D:9      | Killed Psyche
  9108 | D:8      | Bought an uncursed ring of protection from magic for 350
                  | gold pieces
  9148 | D:10     | Entered Level 10 of the Dungeon
  9240 | D:10     | Reached skill level 10 in Armour
  9301 | D:10     | Reached skill level 10 in Fighting
  9323 | D:10     | Reached skill level 13 in Axes
  9773 | D:10     | Killed an unseen horror
 10029 | D:10     | Reached XP level 11. HP: 101/101 MP: 10/10
 10078 | D:10     | Noticed a sixfirhy
 10159 | D:10     | Upgraded the game from 0.24-a0-434-gd57e52fea8 to
                  | 0.24-a0-445-gd5110b030a
 10367 | D:11     | Noticed a two-headed ogre
 10368 | D:11     | Reached skill level 14 in Axes
 10377 | D:11     | Killed a two-headed ogre
 10386 | D:11     | Received a gift from Trog
 10389 | D:11     | Found a staircase to the Lair.
 10661 | D:11     | Noticed a two-headed ogre
 10665 | D:11     | Killed a two-headed ogre
 10672 | D:11     | Reached skill level 15 in Axes
 10727 | D:11     | Identified a scroll of acquirement
 10756 | D:11     | Found a staircase to the Orcish Mines.
 11030 | Orc:1    | Entered Level 1 of the Orcish Mines
 11030 | Orc:1    | Noticed a two-headed ogre
 11043 | D:11     | Killed a two-headed ogre
 11302 | Orc:1    | Noticed Fannar
 11319 | Orc:1    | Killed Fannar
 11428 | Orc:2    | Entered Level 2 of the Orcish Mines
 11475 | Orc:2    | Found a staircase to the Elven Halls.
 11557 | Orc:2    | Reached XP level 12. HP: 102/112 MP: 3/11
 11855 | Elf:1    | Entered Level 1 of the Elven Halls
 11874 | Elf:1    | Killed from afar by a deep elf mage

Levels and vault maps discovered:
D:1:      tarquinn_simple_flora_water_b, layout_basic, serial_bayou_crossing
D:2:      layout_basic, bloody_trog, minmay_splitting_lines,
          serial_bayou_pond_d, minivault_24
D:3:      layout_rooms, wad_floor_pattern_2, minivault_5, minmay_vboxes
D:4:      layout_rooms, okawaru_trees_2, minmay_temple_entry_grid,
          cheibrodos_sewer_entry_sluice
D:5:      layout_loops_cross, first_ration, kennysheep_nondescript,
          minmay_increasing_density
D:6:      layout_basic, elyvilon_altar_4, chequers_serial_rivers_room_b,
          minmay_chambers_of_fives
D:7:      layout_basic, minitemple, basic_altar, uniq_prince_ribbit1
D:8:      layout_rooms, lemuel_round_altar, serial_shops, shop_coins
D:9:      layout_basic, serial_shops, nicolae_shop_window_shopping, basic_altar,
          jiyva_altar_1, uniq_psyche
D:10:     layout_basic, special_room [special_room_kobold]
D:11:     layout_rooms, due_lair_maze_entry_diamond, david_orc_3
Orc:1:    layout_caves, serial_shops, shop, uniq_fannar
Orc:2:    st_orc_ogre_mass, layout_caves, minmay_shop_mass
Elf:1:    layout_loops_ring, hangedman_elf_represent, guppyfry_library_mini

Skill      XL: |  1  2  3  4  5  6  7  8  9 10 11 |
---------------+----------------------------------+-----
Axes           | 4 5 6 7 8 9 12 13 15 | 15.8
Fighting       | 4 5 6 7 9 10 12 | 12.3
Dodging        | 3 4 |  4.6
Armour         | 3 4 6 7 9 10 11 | 11.3
Stealth        | 1 |  1.7

Action                   |  1- 3 |  4- 6 |  7- 9 | 10-12 || total
-------------------------+-------+-------+-------+-------++-------
Melee: Hand axe          |    55 |   121 |   255 |       ||   431
       Headbutt          |     6 |    16 |    79 |   121 ||   222
       War axe           |       |       |    67 |    92 ||   159
       Broad axe         |       |       |       |   121 ||   121
       Battleaxe         |       |       |       |   141 ||   141
Invok: Berserk           |       |     1 |     2 |     3 ||     6
       Trog's Hand       |       |       |       |     3 ||     3
  Use: Scroll            |       |     6 |     2 |     6 ||    14
  Eat: Chunk             |     1 |     6 |     1 |     4 ||    12
       Ration            |       |     1 |     5 |     3 ||     9
Armor: Animal skin       |    11 |     1 |       |       ||    12
       Chain mail        |       |    71 |   128 |       ||   199
       Leather armour    |       |     8 |       |       ||     8
       Plate armour      |       |       |    58 |   407 ||   465
Dodge: Dodged            |    55 |   100 |   220 |   237 ||   612

Table legend:
 A = Non-vault XP
 B = Vault XP
 C = Vault XP percentage of total XP
 D = Non-vault monster count
 E = Vault monster count
 F = Vault count percentage of total count
                 A         B        C        D         E       F
            +---------+---------+-------+---------+---------+-------
      Total |   17902 |    5511 |  23.5 |     292 |      67 |  18.7
            +---------+---------+-------+---------+---------+-------
        D:1 |      43 |       0 |   0.0 |      26 |       0 |   0.0
        D:2 |      88 |       0 |   0.0 |      15 |       0 |   0.0
        D:3 |      88 |      73 |  45.3 |      28 |      10 |  26.3
        D:4 |     298 |       6 |   2.0 |       9 |       2 |  18.2
        D:5 |     319 |     331 |  50.9 |      18 |       5 |  21.7
        D:6 |    1028 |     100 |   8.9 |      26 |       3 |  10.3
        D:7 |     927 |     283 |  23.4 |      14 |       1 |   6.7
        D:8 |    1072 |       0 |   0.0 |      23 |       0 |   0.0
        D:9 |    1757 |     557 |  24.1 |      15 |       5 |  25.0
       D:10 |    4627 |    1872 |  28.8 |      54 |      24 |  30.8
       D:11 |    5185 |    1324 |  20.3 |      35 |      16 |  31.4
      Orc:1 |     519 |     965 |  65.0 |      13 |       1 |   7.1
      Orc:2 |     655 |       0 |   0.0 |      13 |       0 |   0.0
      Elf:1 |    1296 |       0 |   0.0 |       3 |       0 |   0.0
            +---------+---------+-------+---------+---------+-------
